 Dungeon Crawl Stone Soup version 0.30-a0-1161-g0704695555 (webtiles) character file.

Game seed: 9395643570799819134

1925 BubbleThief the Fighter (level 9, 0/86 (88) HPs)
             Began as a Naga Cinder Acolyte on Apr 28, 2023.
             Was a High Priest of Ignis.
             Slain by a wight
             ... wielding a +3 war axe of freezing
              (2 damage)
             ... on level 6 of the Dungeon.
             The game lasted 00:12:32 (6595 turns).

BubbleThief the Fighter (Naga Cinder Acolyte)       Turns: 6595, Time: 00:12:32

HP:   0/86 (88)     AC: 11    Str: 20    XL:     9   Next: 17%
MP:   4/14          EV:  9    Int: 14    God:    Ignis [*****.]
Gold: 319           SH:  0    Dex:  8    Spells: 10/15 levels left

rFire   + . .        a - +0 mace (flame)
rCold   . . .        (no shield)
rNeg    + . .        b - +0 robe
rPois   +            (no helmet)
rElec   .            (no cloak)
rCorr   .            (no gloves)
SInv    +            (no barding)
Will    +....        (no amulet)
Stlth   +            m - ring of positive energy
HPRegen 0.34/turn    (no ring)
MPRegen 0.14/turn

%: no passive effects
@: fiery-armoured, lightly drained, very slow
A: AC +3, large, see invisible, deformed body, poison resistance, slowness 2,
spit poison 1, naga tail 1
a: Spit Poison, Renounce Religion, Fiery Armour, Foxfire Swarm, Rising Flame


You were on level 6 of the Dungeon.
You worshipped Ignis.
Ignis was extremely pleased with you.
You visited 1 branch of the dungeon, and saw 6 of its levels.
You also visited: Ossuary.

You collected 319 gold pieces.

Inventory:

Hand Weapons
 a - a +0 mace of flaming (weapon)
Armour
 b - a +0 robe (worn)
Magical Staves
 e - a staff of poison
Jewellery
 m - a ring of positive energy (left hand)
Wands
 o - a wand of charming (3)
Scrolls
 g - 5 scrolls of identify
 p - 2 scrolls of amnesia
 q - 2 scrolls of fog
 r - 6 scrolls of teleportation
 u - 3 scrolls of blinking
Potions
 c - 2 potions of degeneration {unknown}
 d - 6 potions of curing
 f - 2 potions of brilliance {unknown}
 h - 3 potions of cancellation {unknown}
 i - 4 potions of attraction {unknown}
 j - a potion of invisibility {unknown}
 k - a potion of might {unknown}
 l - 5 potions of heal wounds
 n - a potion of haste {unknown}
 t - 2 potions of mutation {unknown}


   Skills:
 + Level 8.1 Fighting
 + Level 8.1 Maces & Flails
 - Level 3.5 Spellcasting
 + Level 1.6 Conjurations
 - Level 3.0 Fire Magic
 + Level 2.2 Poison Magic


You had 10 spell levels left.
You knew the following spells:

 Your Spells              Type           Power      Damage    Failure   Level
a - Scorch                Fire           20%        2d5       9%          2
b - Mephitic Cloud        Conj/Pois/Air  6%         N/A       34%         3

Your spell library contained the following spells:

 Spells                   Type           Power      Damage    Failure   Level
 Magic Dart               Conj           28%        1d4       11%         1
 Searing Ray              Conj           14%        2d5       16%         2
 Call Imp                 Summ           4%         N/A       30%         2
 Fulminant Prism          Conj/Hex       2%         3d5       82%         4


Dungeon Overview and Level Annotations

Branches:
Dungeon (6/15)            Ossuary (visited)
 Temple: D:4-7

Altars:
Fedhas
Nemelex Xobeh
Sif Muna


Innate Abilities, Weirdness & Mutations

Your serpentine skin is tough. (AC +3)
You have supernaturally acute eyesight. (SInv)
Armour fits poorly on your strangely shaped body.
Your system is resistant to poisons. (rPois)
You cover ground very slowly.
You can spit poison.
You have a snake-like lower body.


Message History

The wight hits you with a +3 spear of freezing.
You partially resist.
You feel drained. The wight freezes you.
You hit the wight. You burn the wight.
The wight is severely damaged.
The wight completely misses you.
You barely miss the wight.
The wight is severely damaged.
The wight hits you with a +3 spear of freezing!
The wight freezes you.
You hit the wight. You burn the wight.
The wight is almost destroyed.
The wight hits you with a +3 spear of freezing.
You partially resist.
You feel drained. The wight freezes you.
You hit the wight. You burn the wight.
You destroy the wight!
Unknown command.
Casting: Scorch (safe; 9% risk of failure)
Confirm with . or Enter, or press ? or * to list all spells.
Flames lash the wight.
The wight is moderately damaged.
The wight's fire resistance burns away.
The wight hits you with a +3 war axe of freezing!
* * * LOW HITPOINT WARNING * * *
The wight freezes you.
* * * LOW HITPOINT WARNING * * *
You barely miss the wight.
The wight is moderately damaged.
The wight hits you with a +3 war axe of freezing!
* * * LOW HITPOINT WARNING * * *
The wight freezes you.
* * * LOW HITPOINT WARNING * * *
A protective cloak of flame settles atop you.
The wight misses you.
Unknown command.
You hit the wight. You burn the wight.
The wight is severely damaged.
The wight hits you with a +3 war axe of freezing!
* * * LOW HITPOINT WARNING * * *
You partially resist.
You feel drained. The wight freezes you.
You die...

#...........# #..#
#.......#########..#######
##...#...................#
#####.###########........
#.# ##.......# #.#
#........# #.# ##)....z..#
#>#########z#...)...#
#.......)@z###....o.#
###########.# ##.##.# ##.#
.# # ## #


You could see 2 wights.

Vanquished Creatures
  Sigmund (D:2)
  A steam dragon (D:5)
  Menkaure (D:6)
  A centaur (D:5)
  2 phantoms
  A scorpion (D:5)
  2 bullfrogs (D:5)
  4 elf skeletons (D:5)
  2 wights (D:6)
  A human zombie (D:5)
  A centaur zombie (Ossuary)
  3 hounds
  A jelly (D:6)
  2 orc priests
  3 sleepcaps
  Jessica (D:3)
  Terence (D:2)
  Natasha (thrice) (D:2)
  3 orc wizards
  Robin (D:3)
  5 mummies (Ossuary)
  5 adders
  A white imp (D:5)
  2 ufetubi (D:5)
  A worm (D:2)
  A dart slug (D:1)
  16 orcs
  3 bats
  6 endoplasms
  8 giant cockroaches
  10 goblins
  13 hobgoblins
  4 jackals (D:1)
  5 kobolds
  2 quokkas
  6 ball pythons
  3 frilled lizards (D:3)
  6 hobgoblin zombies (Ossuary)
  An orc skeleton (D:5)
  10 rats
143 creatures vanquished.

Notes
Turn   | Place    | Note
-------+----------+-------------------------------------------
     0 | D:1      | BubbleThief the Naga Cinder Acolyte began the quest for the
                  | Orb.
     0 | D:1      | Reached XP level 1. HP: 21/21 MP: 2/2
   200 | D:1      | Reached XP level 2. HP: 28/28 MP: 3/3
   568 | D:1      | Reached XP level 3. HP: 34/34 MP: 5/5
   655 | D:1      | Learned a level 2 spell: Scorch
   950 | D:2      | Found a faded altar of an unknown god.
  1092 | D:2      | Noticed Terence
  1102 | D:2      | Killed Terence
  1103 | D:2      | Reached XP level 4. HP: 37/44 MP: 1/7
  1238 | D:2      | Found a blossoming altar of Fedhas.
  1242 | D:2      | Noticed Natasha
  1249 | D:2      | Killed Natasha
  1579 | D:2      | Noticed Sigmund
  1590 | D:2      | Killed Sigmund
  1591 | D:2      | Reached XP level 5. HP: 51/51 MP: 1/9
  1591 | D:2      | Reached XP level 6. HP: 58/58 MP: 1/10
  1739 | D:2      | Noticed Natasha
  1748 | D:2      | Killed Natasha
  1992 | D:2      | Noticed Natasha
  1995 | D:2      | Killed Natasha
  2175 | D:3      | Noticed Jessica
  2182 | D:3      | Killed Jessica
  2528 | D:3      | Noticed Robin
  2544 | D:3      | Killed Robin
  2545 | D:3      | Reached skill level 5 in Fighting
  2555 | D:3      | Reached skill level 5 in Maces & Flails
  2713 | D:3      | Found a sparkling altar of Nemelex Xobeh.
  2872 | D:3      | Reached XP level 7. HP: 67/67 MP: 12/12
  4157 | D:4      | Found a shimmering blue altar of Sif Muna.
  4502 | D:5      | Entered Level 5 of the Dungeon
  4932 | D:5      | Reached XP level 8. HP: 51/78 MP: 0/13
  4961 | D:5      | Found a sand-covered staircase.
  4983 | Ossuary  | Entered an ossuary
  6368 | D:5      | Learned a level 3 spell: Mephitic Cloud
  6397 | D:6      | Reached XP level 9. HP: 86/88 MP: 5/14
  6490 | D:6      | Noticed Menkaure
  6497 | D:6      | Killed Menkaure
  6498 | D:6      | Reached skill level 1 in Conjurations
  6498 | D:6      | Reached skill level 1 in Poison Magic
  6595 | D:6      | HP: 2/87 [wight/+3 war axe of freezing (7)]
  6595 | D:6      | Slain by a wight

Illustrated notes

Levels and vault maps discovered:
D:1:      dpeg_arrival_rhombus, layout_loops_ring, serial_aquarium,
          aquarium_bridge_long_separate [aquarium_subvault_bridge,
          aquarium_subvault_wall, aquarium_subvault_wall,
          aquarium_subvault_wall, aquarium_subvault_window,
          aquarium_subvault_bridge], aquarium_bridge_straight
          [aquarium_subvault_bridge, aquarium_subvault_balcony,
          aquarium_subvault_bridge, aquarium_subvault_balcony],
          aquarium_window_2, aquarium_window_corner, aquarium_window_1,
          aquarium_window_2, aquarium_view_2d, aquarium_view_2e
D:2:      layout_loops_corners, hellmonk_ecumenical_altar_blasted, basic_altar,
          uniq_natasha, uniq_sigmund, uniq_terence
D:3:      layout_loops_ring, nemelex_spade_bored_becter, uniq_robin,
          uniq_jessica
D:4:      layout_loops_corners, led_sif_book
D:5:      layout_gridville, nicolae_ossuary_entry_catacombs
D:6:      layout_loops_ring, temple_hall, gup_sewer_entry_glass, uniq_menkaure

Skill      XL: |  1  2  3  4  5  6  7  8  9 |
---------------+----------------------------+-----
Spellcasting   | 2 3 |  3.5
Fighting       | 4 5 6 7 8 |  8.1
Maces & Flails | 4 5 6 7 8 |  8.1
Conjurations   | 1 |  1.6
Poison Magic   | 2 |  2.2
Fire Magic     | |  3.0

Action                     |  1- 3 |  4- 6 |  7- 9 || total
---------------------------+-------+-------+-------++-------
  Melee: Mace              |    43 |    30 |   164 ||   237
         Punch             |       |       |     3 ||     3
   Cast: Scorch            |     2 |    37 |    67 ||   106
 Invoke: Fiery Armour      |       |     1 |     2 ||     3
Ability: Spit Poison       |    26 |    26 |    29 ||    81
    Use: Scroll            |       |       |     8 ||     8
 Armour: Robe              |    10 |    21 |    48 ||    79
  Dodge: Dodged            |    17 |    23 |    91 ||   131

Table legend: (Time is in decaauts)
 A = Elapsed time spent in this place.
 B = Non-inter-level travel time spent in this place.
 C = Inter-level travel time spent in this place.
 D = Time resting spent in this place.
 E = Time spent auto-exploring this place.
 F = Levels seen in this place.
 G = Mean time per level.
                   A        B        C        D        E       F      G
               +--------+--------+--------+--------+--------+-----+--------+
         Total |   8069 |   7721 |    348 |      5 |   6680 |   7 | 1152.7 |
       Dungeon |   7735 |   7387 |    348 |      5 |   6425 |   6 | 1289.2 |
       Ossuary |    333 |    333 |      0 |      0 |    255 |   1 |  333.0 |
               +--------+--------+--------+--------+--------+-----+--------+

Top non-repeatable levels by time:
     D:5: 1895 daAuts
     D:4: 1550 daAuts
     D:2: 1518 daAuts
     D:3: 1314 daAuts
     D:1: 1232 daAuts
 Ossuary: 333 daAuts
     D:6: 224 daAuts
